 Dungeon Crawl Stone Soup version 0.28.0-53-g5a82cb258f (webtiles) character file.

Game seed: 9863480174030052874

4704 Qrupt the Cleaver (level 10, -1/88 HPs)
             Began as a Hill Orc Cinder Acolyte on July 24, 2022.
             Was a Priest of Ignis.
             Slain by an orc warrior
             ... wielding a +0 halberd
              (6 damage)
             ... on level 9 of the Dungeon.
             The game lasted 00:14:44 (11556 turns).

Qrupt the Cleaver (Hill Orc Cinder Acolyte)        Turns: 11556, Time: 00:14:44

Health: -1/88      AC: 10    Str: 22    XL:     10   Next: 45%
Magic:  0/16       EV: 14    Int: 14    God:    Ignis [***...]
Gold:   344        SH:  0    Dex:  6    Spells: 16/18 levels left

rFire   + . .      SeeInvis .   E - +2 war axe (pain)
rCold   . . .      Faith    .   (no shield)
rNeg    . . .      Spirit   +   j - +0 ring mail
rPois   .          Reflect  .   (no helmet)
rElec   .          Harm     .   (no cloak)
rCorr   .          Rampage  .   (no gloves)
Will    .....                   (no boots)
Stlth   ..........              B - amulet of guardian spirit
HPRegen 0.24/turn               i - +4 ring of evasion
MPRegen 0.15/turn               h - +4 ring of protection

@: hasted, very quick
A: no striking features
a: Renounce Religion, Convert to Beogh, Fiery Armour, Foxfire Swarm, Rising
Flame


You were on level 9 of the Dungeon.
You worshipped Ignis.
Ignis was most pleased with you.
You visited 1 branch of the dungeon, and saw 9 of its levels.
You also visited: Ossuary.

You collected 344 gold pieces.

Inventory:

Hand Weapons
 E - a +2 war axe of pain (weapon)
Missiles
 D - a throwing net (quivered)
Armour
 b - a +0 robe
 j - a +0 ring mail (worn)
Jewellery
 a - a +6 ring of intelligence
 h - a +4 ring of protection (right hand)
 i - a +4 ring of evasion (left hand)
 y - a ring of flight
 A - a ring of see invisible
 B - an amulet of guardian spirit (around neck)
Wands
 J - a wand of mindburst (5)
Scrolls
 c - 4 scrolls of fog {unknown}
 e - 15 scrolls of identify {unknown}
 l - 2 scrolls of immolation {unknown}
 m - 4 scrolls of teleportation {unknown}
 n - 2 scrolls of noise {unknown}
 q - 2 scrolls of magic mapping {unknown}
 t - 3 scrolls of fear {unknown}
 u - 2 scrolls of vulnerability {unknown}
 w - 2 scrolls of torment {unknown}
 x - a scroll of enchant weapon {unknown}
 z - a scroll of enchant armour {unknown}
 H - a scroll of amnesia {unknown}
 K - a scroll of silence {unknown}
Potions
 f - 3 potions of heal wounds {unknown}
 g - 3 potions of lignification {unknown}
 k - a potion of flight {unknown}
 o - 3 potions of curing {unknown}
 p - a potion of ambrosia {unknown}
 r - a potion of mutation {unknown}
 s - a potion of degeneration {unknown}
 v - 2 potions of brilliance {unknown}
 C - a potion of invisibility {unknown}
 F - 2 potions of resistance {unknown}
 G - a potion of magic {unknown}
 I - a potion of attraction {unknown}


   Skills:
 + Level 8.2 Fighting
 * Level 12.3 Axes
 + Level 6.2 Armour
 + Level 4.6 Spellcasting
 + Level 7.5 Fire Magic


You had 16 spell levels left.
You knew the following spells:

 Your Spells              Type           Power      Damage    Failure   Level
a - Scorch                Fire           48%        2d7       1%          2

Your spell library contained the following spells:

 Spells                   Type           Power      Damage    Failure   Level
 Ensorcelled Hibernation  Hex/Ice        6%         N/A       38%         2
 Spider Form              Tmut/Pois      3%         N/A       63%         3
 Anguish                  Hex/Necr       1%         N/A       95%         4


Dungeon Overview and Level Annotations

Branches:
Dungeon (9/15)             Temple (0/1) D:7         Ossuary (visited)
   Lair: D:8-11         Orc: D:9-12

Altars:
Ashenzari
Dithmenos
Elyvilon
Gozag
Nemelex Xobeh
Qazlal
Xom
Beogh

Shops:
D:6 *

Annotations:
D:5 3 runed translucent doors, toph's ghost, novice MfIE
D:8 2 runed translucent doors, exclusion: orange crystal statue


Message History

You are too injured to fight recklessly!
Unknown command.
You slash the orc priest!
The orc priest shouts, "Beogh is our master!
Accept the truth or die!"
The orc priest is heavily wounded.
You slash the bullfrog!
You kill the bullfrog!
The orc priest shouts, "Surrender to Beogh and we'll let you live!"
The orc completely misses you. The orc priest barely misses you.
You slash the orc priest!
You kill the orc priest!
The orc warrior closely misses you.
The orc hits you from afar with a +0 trident.
Unknown command.
The orc warrior hits you from afar with a +0 halberd!
* * * LOW HITPOINT WARNING * * *
The orc hits you from afar with a +0 trident.
* * * LOW HITPOINT WARNING * * *
You hit the orc priest but do no damage.
The orc priest threatens, "By the altar or by the axe, you will meet Beogh!"
The orc warrior completely misses you. The orc hits you but does no damage.
The orc priest hits you but does no damage.
Unknown command.
You barely miss the orc priest.
The orc warrior hits you from afar with a +0 halberd!
* * * LOW HITPOINT WARNING * * *
The orc hits you from afar with a +0 trident.
* * * LOW HITPOINT WARNING * * *
The orc priest closely misses you.
Unknown command.
The orc priest calls down the wrath of Beogh upon you.
Beogh smites you!
* * * LOW HITPOINT WARNING * * *
Unknown command.
An orc comes into view. It is wielding a +0 whip.
Unknown command.
You feel yourself speed up.
The orc shouts!
The orc warrior hits you from afar with a +0 halberd!
You die...

#...................
#.........8.........
####................
#..###.....###....
....## +#...#..###.# #
....#. #...#...# ...
...... #...##.># ..
.#..#.#####....#####.#
#......[.))..@....o.#..
.$.......<#....o.....#
.....####.oo.......#
.#..........)).......
.. ................. #
................##
................#
................#
................#


You could see an orc warrior, an orc priest and 2 orcs.

Vanquished Creatures
  Harold (D:7)
  A troll (D:6)
  A wyvern (D:8)
  3 steam dragons
  A water moccasin (D:8)
  A sky beast (D:8)
  A black bear (D:8)
  An ice beast (D:8)
  2 centaurs
  An ogre (D:7)
  4 kobold brigands
  5 bullfrogs
  A gnoll sergeant (D:7)
  2 scorpions
  15 killer bees
  6 wights (D:6)
  2 bullfrog zombies
  A centaur zombie (D:9)
  4 jellies
  An orc priest (D:9)
  A bullfrog skeleton (D:6)
  2 hounds
  4 iguanas
  Terence (D:2)
  A scorpion zombie (D:5)
  4 orc wizards
  A killer bee zombie (D:6)
  13 mummies (Ossuary)
  A howler monkey zombie (D:8)
  14 adders
  4 gnolls (D:7)
  2 worms
  2 dart slugs
  12 orcs
  7 endoplasms
  5 giant cockroaches
  2 hobgoblins
  6 jackals
  A quokka (D:1)
  3 ball pythons
  A bat (D:2)
  6 frilled lizards
  4 gnoll skeletons (Ossuary)
  8 goblins
  A goblin skeleton (Ossuary)
  32 kobolds
  2 kobold skeletons (Ossuary)
  An orc skeleton (Ossuary)
  4 rats
  11 rat skeletons (Ossuary)
210 creatures vanquished.

Notes
Turn   | Place    | Note
-------+----------+-------------------------------------------
     0 | D:1      | Qrupt the Hill Orc Cinder Acolyte began the quest for the
                  | Orb.
     0 | D:1      | Reached XP level 1. HP: 19/19 MP: 2/2
   457 | D:1      | Reached XP level 2. HP: 20/27 MP: 3/3
  1153 | D:2      | Noticed Terence
  1169 | D:2      | Killed Terence
  1170 | D:2      | Reached skill level 5 in Axes
  1170 | D:2      | Reached XP level 3. HP: 14/33 MP: 4/4
  1761 | D:2      | Learned a level 2 spell: Scorch
  1923 | D:2      | Reached XP level 4. HP: 39/40 MP: 2/5
  2997 | D:3      | Reached XP level 5. HP: 46/46 MP: 7/7
  3155 | D:3      | Reached skill level 6 in Axes
  3902 | D:4      | Found a shimmering altar of Xom.
  3926 | D:4      | Reached skill level 1 in Armour
  3993 | D:4      | Found a white marble altar of Elyvilon.
  4155 | D:4      | Reached XP level 6. HP: 53/53 MP: 8/8
  4591 | D:5      | Entered Level 5 of the Dungeon
  4917 | D:5      | Found a stormy altar of Qazlal.
  4973 | D:5      | Found a sand-covered staircase.
  4983 | Ossuary  | Entered an ossuary
  5083 | Ossuary  | Reached skill level 7 in Axes
  5399 | Ossuary  | Reached skill level 5 in Fighting
  5399 | Ossuary  | Reached XP level 7. HP: 59/61 MP: 10/10
  6072 | D:5      | Found a runed translucent gate.
  6072 | D:5      | Noticed toph's ghost (novice MfIE)
  6073 | D:5      | Found a runed translucent gate.
  6074 | D:5      | Found a runed translucent gate.
  6079 | D:5      | Identified the +1 leather armour of the Ward {Will+ Regen+}
  6219 | D:5      | Found a roughly hewn altar of Beogh.
  6703 | D:6      | Reached skill level 8 in Axes
  6858 | D:6      | Reached skill level 5 in Fire Magic
  6858 | D:6      | Reached XP level 8. HP: 40/68 MP: 11/11
  7096 | D:6      | Found a shadowy altar of Dithmenos.
  7423 | D:6      | Reached skill level 9 in Axes
  7850 | D:6      | Found Deuxzub's Overcharged Wands.
  8446 | D:7      | Noticed a troll
  8483 | D:6      | Killed a troll
  8484 | D:6      | Reached XP level 9. HP: 47/78 MP: 9/14
  8500 | D:7      | Reached skill level 10 in Axes
  8633 | D:7      | Noticed Harold
  8649 | D:7      | Killed Harold
  8943 | D:7      | Reached skill level 5 in Armour
  9211 | D:7      | Reached skill level 11 in Axes
  9651 | D:7      | Found an opulent altar of Gozag.
  9802 | D:7      | Found a broken altar of Ashenzari.
  9803 | D:7      | Found a sparkling altar of Nemelex Xobeh.
  9928 | D:7      | Found a staircase to the Ecumenical Temple.
 10459 | D:8      | Reached XP level 10. HP: 84/88 MP: 13/16
 10638 | D:8      | Found a runed translucent door.
 10639 | D:8      | Noticed an orange crystal statue
 10639 | D:8      | Found the +10 tower shield of Ignorance {rN+ Int-4}
 10659 | D:8      | Found a runed translucent door.
 10939 | D:8      | Reached skill level 12 in Axes
 11556 | D:9      | Slain by an orc warrior

Illustrated notes

Levels and vault maps discovered:
D:1:      enne_arrival_octagon_isle, layout_basic
D:2:      layout_basic, hangedman_abyss_or_decor_stabs, uniq_terence
D:3:      layout_loops_ring, minmay_quantized
D:4:      layout_basic, lemuel_doored_altar, kennysheep_little_box
D:5:      layout_basic, mainiacjoe_overflow_boulevard,
          biasface_ghost_orc_armoury, nicolae_ossuary_entry_monument
D:6:      layout_cave_pods, nicolae_dithmenos_shadow_blocks,
          nicolae_shop_overcharged_wands
D:7:      layout_layer_cave, nicolae_gozag_cash_rules_everything_around_me,
          gammafunk_temple_overflow_pools, lemuel_temple_firewalk_a,
          minmay_crossroads, uniq_harold
D:8:      layout_gridville, minmay_misc_feat_hallway,
          chequers_guarded_unrand_ignorance
D:9:      layout_basic, lemuel_round_altar, enter_bailey_6, grunt_ministairs_6

Skill      XL: |  1  2  3  4  5  6  7  8  9 10 |
---------------+-------------------------------+-----
Axes           | 5 6 7 8 9 11 12 | 12.3
Fighting       | 4 5 6 7 8 |  8.2
Armour         | 1 2 3 4 5 6 |  6.2
Fire Magic     | 4 5 6 7 |  7.5
Spellcasting   | 2 3 4 |  4.6

Action                   |  1- 3 |  4- 6 |  7- 9 | 10-12 || total
-------------------------+-------+-------+-------+-------++-------
Melee: Hand axe          |    78 |   325 |   229 |       ||   632
       Punch             |     2 |     2 |     7 |       ||    11
       War axe           |       |       |   152 |    94 ||   246
 Cast: Scorch            |     4 |     5 |    12 |       ||    21
Invok: Fiery Armour      |     1 |     1 |     3 |     1 ||     6
  Use: Potion            |       |       |     1 |     1 ||     2
Armor: Robe              |    20 |     2 |       |       ||    22
       Ring mail         |       |    72 |   139 |    40 ||   251
Dodge: Dodged            |    37 |   176 |   313 |    86 ||   612
